AoeStats
← Kanye Best

Oasis

516354522Analyzed
4v4 RM · 22d ago on Oct 25, 2026· 79m 12s· 8 players
Game mode
Random Map
Map size
Large (8 player)
Population
200
Speed
Normal
Resources
Standard
Victory
Conquest
Starting age
Dark Age
Ending age
Imperial Age
RankedLock teamsTeams togetherTeam positionsShared explorationLock speedFull tech treeHidden civsTurbo modeCheats
Victory
Defeat
🇹🇷 Spanish · Türkiye
872
+15
🇩🇪 Teutons · Germany
866
+15
🇩🇪 Burgundians · Germany
824
+17
🇭🇺 Khmer · Hungary
764
+19
vs
🇩🇰 Persians · Denmark
895
-19
🇩🇰 Berbers · Denmark
849
-17
🇺🇸 Franks · United States
841
-16
🇺🇸 Byzantines · United States
793
-14
kHaNbHaI
5:03 Loom
6:49 Double-Bit Axe
12:45 Feudal Age
13:02 Gold Mining
13:02 Horse Collar
13:49 Heavy Plow
14:02 Bow Saw
16:26 Gold Shaft Mining
21:30 Castle Age
20:04 Stone Mining
20:59 Scale Barding Armor
21:09 Forging
23:30 Husbandry
22:51 Cavalier
24:19 Stone Shaft Mining
27:38 Iron Casting
27:44 Wheelbarrow
28:55 Crop Rotation
29:27 Two-Man Saw
29:38 Hand Cart
29:09 Town Watch
32:36 Town Patrol
37:45 Imperial Age
37:22 Squires
36:43 Pikeman
37:09 Arson
37:30 Scale Mail Armor
37:21 Fletching
37:52 Chain Barding Armor
39:35 Conscription
39:51 Hoardings
40:36 Blast Furnace
39:51 Chain Mail Armor
40:35 Burgundian Vineyards
43:40 Plate Mail Armor
43:46 Plate Barding Armor
43:07 Bodkin Arrow
43:25 Halberdier
45:33 Chemistry
44:54 Ballistics
44:46 Fortified Wall
44:34 Murder Holes
44:49 Masonry
45:00 Light Cavalry
45:02 Paladin
45:55 Hussar
50:59 Bracer
54:27 Elite Coustillier
77:50 Caravan
Kanye Best
2:51 Loom
15:41 Feudal Age
17:10 Stone Mining
18:51 Horse Collar
19:02 Double-Bit Axe
19:43 Gold Mining
25:22 Castle Age
24:20 Fletching
25:48 Padded Archer Armor
26:36 Bow Saw
26:29 Heavy Plow
26:48 Caravan
30:26 Fortified Wall
32:02 Bloodlines
34:31 Imperial Age
33:05 Gold Shaft Mining
34:15 Ballistics
34:47 Stone Shaft Mining
35:40 Conscription
36:55 Chemistry
36:36 Crop Rotation
39:51 Double Crossbow
40:31 Leather Archer Armor
41:04 Murder Holes
42:12 Ring Archer Armor
42:59 Masonry
49:51 Bodkin Arrow
50:22 Elite Ballista Elephant
52:04 Siege Engineers
52:02 Bracer
52:45 Parthian Tactics
52:33 Cavalier
53:15 Husbandry
63:38 Scale Barding Armor
63:43 Forging
69:04 Iron Casting
68:49 Chain Barding Armor
76:53 Blast Furnace
76:28 Plate Barding Armor
76:26 Architecture
78:22 Plate Barding Armor
77:48 Scale Mail Armor
[JRA] MELITIAN
3:42 Loom
11:16 Feudal Age
14:06 Double-Bit Axe
18:30 Castle Age
17:01 Stone Mining
17:04 Gold Mining
18:59 Scale Barding Armor
20:28 Forging
25:05 Husbandry
25:16 Bloodlines
34:27 Imperial Age
33:22 Chain Barding Armor
33:38 Iron Casting
32:55 Fletching
35:22 Wheelbarrow
34:57 Elite Conquistador
36:03 Conscription
35:07 Cavalier
36:30 Plate Barding Armor
36:56 Blast Furnace
35:52 Bodkin Arrow
38:40 Bow Saw
39:32 Paladin
43:01 Hand Cart
42:59 Caravan
44:53 Scale Mail Armor
44:53 Bracer
61:49 Chemistry
78:11 Two-Man Saw
76:54 Horse Collar
77:47 Coinage
77:06 Town Watch
Chrisaefer
6:00 Loom
13:48 Feudal Age
14:11 Horse Collar
15:09 Wheelbarrow
14:21 Double-Bit Axe
20:14 Stone Mining
29:06 Castle Age
30:47 Hand Cart
30:38 Heavy Plow
30:50 Bow Saw
32:23 Gold Mining
33:20 Forging
33:10 Scale Mail Armor
33:13 Pikeman
42:40 Imperial Age
42:18 Squires
42:04 Gambesons
41:40 Man-at-Arms
43:58 Crop Rotation
44:06 Stone Shaft Mining
46:39 Two-Man Saw
47:18 Conscription
47:20 Ironclad
47:51 Caravan
49:57 Elite Teutonic Knight
51:32 Iron Casting
51:12 Chain Mail Armor
50:26 Halberdier
53:19 Blast Furnace
53:13 Long Swordsman
53:39 Arson
55:39 Plate Mail Armor
65:53 Ballistics
66:51 Chemistry
69:09 Heavy Scorpion
72:46 Two-Handed Swordsman
F o r k B e a r d
9:28 Loom
12:07 Feudal Age
15:26 Wheelbarrow
19:30 Castle Age
18:53 Wheelbarrow
19:50 Double-Bit Axe
19:47 Horse Collar
23:44 Bow Saw
24:19 Stone Mining
30:03 Heavy Plow
33:47 Fortified Wall
37:34 Imperial Age
35:21 Hand Cart
35:04 Murder Holes
35:20 Gold Mining
35:54 Ballistics
39:36 Chemistry
39:20 Stone Shaft Mining
40:01 Two-Man Saw
39:10 Treadmill Crane
39:59 Caravan
40:42 Heavy Camel Rider
41:29 Scale Barding Armor
41:35 Forging
42:49 Chain Barding Armor
42:36 Husbandry
43:27 Conscription
43:44 Hoardings
43:50 Iron Casting
44:46 Plate Barding Armor
44:26 Guard Tower
44:21 Arrowslits
46:34 Scale Mail Armor
49:43 Pikeman
49:44 Elite Varangian Guard
61:23 Chain Mail Armor
63:03 Keep
66:48 Coinage
68:13 Bombard Tower
69:31 Thumb Ring
68:47 Elite Skirmisher
72:11 Padded Archer Armor
72:02 Fletching
73:23 Leather Archer Armor
73:32 Bodkin Arrow
73:48 Elite Genitour
75:17 Ring Archer Armor
76:11 Bracer
77:31 Plate Mail Armor
wild
0:26 Loom
12:03 Feudal Age
17:44 Castle Age
17:06 Double-Bit Axe
17:22 Stone Mining
24:58 Gold Mining
30:46 Caravan
32:05 Wheelbarrow
31:17 Town Watch
32:14 Forging
33:34 Scale Mail Armor
33:54 Bow Saw
39:08 Imperial Age
38:57 Iron Casting
38:38 Chain Mail Armor
38:29 Fletching
38:34 Treadmill Crane
38:53 Murder Holes
41:15 Chemistry
40:28 Masonry
40:02 Cavalier
40:43 Husbandry
41:43 Conscription
41:35 Chivalry
42:56 Blast Furnace
43:04 Siege Engineers
48:48 Architecture
48:16 Paladin
51:15 Scale Barding Armor
57:03 Chain Barding Armor
57:13 Plate Mail Armor
56:40 Bodkin Arrow
58:24 Hand Cart
58:13 Town Patrol
58:51 Plate Barding Armor
70:36 Elite Throwing Axeman
Dahljensen
2:21 Loom
11:33 Feudal Age
13:33 Double-Bit Axe
16:19 Castle Age
15:16 Horse Collar
16:10 Double-Bit Axe
17:44 Gold Mining
22:32 Scale Barding Armor
25:50 Bow Saw
27:37 Chain Barding Armor
27:59 Forging
28:21 Heavy Plow
29:05 Wheelbarrow
30:01 Husbandry
30:55 Bloodlines
31:49 Iron Casting
33:20 Gold Shaft Mining
34:40 Town Watch
38:45 Imperial Age
36:31 Hand Cart
37:26 Stone Mining
37:47 Fletching
38:10 Masonry
38:42 Bodkin Arrow
40:16 Crop Rotation
40:51 Chemistry
40:36 Plate Barding Armor
41:01 Blast Furnace
40:41 Atonement
40:49 Padded Archer Armor
41:14 Ballistics
40:40 Treadmill Crane
41:32 Ballistics
42:02 Conscription
41:53 Heavy Camel Rider
41:54 Light Cavalry
43:26 Bracer
43:56 Fervor
44:07 Maghrebi Camels
45:28 Stone Shaft Mining
45:47 Hoardings
45:15 Kasbah
45:22 Kasbah
48:50 Elite Camel Archer
49:36 Padded Archer Armor
49:42 Bracer
50:18 Scale Mail Armor
50:36 Leather Archer Armor
50:04 Pikeman
50:44 Squires
50:30 Arson
50:05 Man-at-Arms
51:35 Siege Engineers
54:21 Long Swordsman
56:15 Chain Mail Armor
56:35 Ring Archer Armor
57:58 Two-Handed Swordsman
60:10 Champion
62:34 Hussar
63:06 Capped Ram
64:05 Murder Holes
64:14 Heavy Scorpion
69:52 Plate Mail Armor
73:56 Coinage
mistermabilis
12:52 Feudal Age
11:11 Loom
17:28 Castle Age
15:27 Horse Collar
16:12 Double-Bit Axe
28:03 Wheelbarrow
27:29 Pikeman
29:04 Fletching
30:09 Gambesons
30:36 Squires
32:55 Forging
33:24 Heavy Plow
34:03 Bow Saw
35:46 Hand Cart
36:33 Kamandaran
38:10 Gold Mining
38:09 Town Watch
42:25 Imperial Age
41:15 Iron Casting
41:03 Bloodlines
40:55 Husbandry
41:55 Stone Mining
42:54 Scale Barding Armor
43:50 Blast Furnace
42:45 Bodkin Arrow
45:41 Two-Man Saw
44:16 Halberdier
44:42 Arson
45:25 Chain Barding Armor
45:06 Scale Mail Armor
44:52 Cavalier
46:40 Conscription
47:04 Padded Archer Armor
47:40 Plate Barding Armor
47:19 Thumb Ring
46:38 Crossbowman
52:04 Chemistry
51:26 Leather Archer Armor
51:31 Chain Mail Armor
51:56 Ballistics
52:39 Chemistry
58:07 Murder Holes
58:22 Masonry
Connection lost

Rejoining the realm…

Still unreachable

The connection could not be restored.

Session expired

The server has moved on; the page needs a fresh start.